 Dungeon Crawl Stone Soup version 0.22-a0-469-gf26638a (webtiles) character file.

899 iamserjio the Covert (level 8, -1/54 HPs)
             Began as an Octopode Assassin on June 11, 2018.
             Was a Believer of Dithmenos.
             Slain by a sky beast (6 damage)
             ... on level 4 of the Dungeon.
             The game lasted 00:15:46 (6277 turns).

iamserjio the Covert (Octopode Assassin)            Turns: 6277, Time: 00:15:47

Health: -1/54      AC:  1    Str: 11    XL:     8   Next: 7%
Magic:  10/10      EV: 13    Int: 13    God:    Dithmenos [**....]
Gold:   167        SH:  0    Dex: 15    Spells: 7/7 levels left

rFire    . . .     SeeInvis .   a - +2 dagger
rCold    . . .     Gourm    .   (no shield)
rNeg     . . .     Faith    .   (helmet restricted)
rPois    .         Spirit   .   (no amulet)
rElec    .         Reflect  .   p - +3 ring of slaying
rCorr    .         Harm     .   (no ring)
MR       .....                  (no ring)
Stlth    ++++++....             (no ring)
HPRegen  0.18/turn              (no ring)
MPRegen  0.12/turn              (no ring)
                                (no ring)
                                (no ring)

@: wreathed by umbra
A: almost no armour, stealthy swim, amphibious, 8 rings, constrict 8, camouflage
1, gelatinous body 1
a: Shadow Step, Renounce Religion


You were on level 4 of the Dungeon.
You worshipped Dithmenos.
Dithmenos was pleased with you.
You were very hungry.

You visited 1 branch of the dungeon, and saw 5 of its levels.

You collected 167 gold pieces.

Inventory:

Hand Weapons
 a - a +2 dagger (weapon)
 b - a +0 blowgun
 r - a cursed -3 hunting sling
 s - a +0 short sword
Missiles
 c - 39 poisoned needles
 d - 2 curare-tipped needles
 i - 270 stones (quivered)
Jewellery
 p - a +3 ring of slaying (left tentacle)
Scrolls
 j - 2 scrolls of fog
 k - a scroll of fear {unknown}
 m - 2 scrolls of magic mapping
 n - a scroll of amnesia {unknown}
 o - 3 scrolls of teleportation {unknown}
 t - 3 scrolls of remove curse
 v - a scroll of random uselessness {unknown}
Potions
 e - a potion of brilliance
 l - a potion of lignification {unknown}
 q - a potion of haste {unknown}
Comestibles
 f - 8 rations


   Skills:
 + Level 4.5 Fighting
 * Level 6.2 Short Blades
 - Level 2.0 Throwing
 - Level 1.0 Dodging
 - Level 8.0 Stealth
 - Level 3.0 Invocations


You had 7 spell levels left.
You didn't know any spells.
Your spell library was empty.

Dungeon Overview and Level Annotations

Branches:
Dungeon (5/15)             Temple (0/1) D:4

Altars:
Dithmenos
Okawaru


Innate Abilities, Weirdness & Mutations

You cannot wear most types of armour.
You are very stealthy in the water. (Stealth+)
You are amphibious.
You can wear up to eight rings at the same time.
You can use your tentacles to constrict eight enemies at once.
Your skin changes colour to match your surroundings (Stealth+).
Your rubbery body absorbs attacks. (AC +1, EV +1)


Message History

* * * LOW HITPOINT WARNING * * *
The sky beast shocks you.
* * * LOW HITPOINT WARNING * * *
You feel better.
The sky beast flickers out of sight!
Deactivating autopickup; reactivate with Ctrl-A.
Something barely misses you. Something hits you.
* * * LOW HITPOINT WARNING * * *
Something shocks you.
* * * LOW HITPOINT WARNING * * *
You feel better. Something hits you.
* * * LOW HITPOINT WARNING * * *
Something shocks you.
* * * LOW HITPOINT WARNING * * *
A sky beast appears from thin air!
Reactivating autopickup.
The sky beast hits you.
* * * LOW HITPOINT WARNING * * *
The sky beast shocks you.
You die...

....####### #.........#
####### ..........# #.....#
..........# #.....#
..........# #....<#
..........# #.....#
........#####.....#
........#.........#
...##...#.......@.#
...##...#.......Y.#
..................#
...###..#.........#
...#............≈####
...................>#
...###............≈##
...###...........#.#
....)............#.##########


You could see a sky beast.

Vanquished Creatures
  Sigmund (D:3)
  An ogre (D:4)
  4 orc priests
  A bullfrog zombie (D:5)
  A hound (D:4)
  An iguana (D:5)
  Terence (D:3)
  6 worker ants
  4 orc wizards
  A hound skeleton (D:3)
  Robin (D:3)
  2 howler monkey skeletons (D:4)
  2 adders
  An ooze (D:2)
  2 worms
  A dart slug (D:4)
  5 leopard geckos
  19 orcs
  5 bats
  4 giant cockroaches
  4 hobgoblins
  2 jackals (D:4)
  3 quokkas
  3 frilled lizards
  14 goblins
  6 kobolds
  6 rats
101 creatures vanquished.

Notes
Turn   | Place    | Note
-------+----------+-------------------------------------------
     0 | D:1      | iamserjio the Octopode Assassin began the quest for the Orb.
     0 | D:1      | Reached XP level 1. HP: 14/14 MP: 1/1
   215 | D:1      | Reached XP level 2. HP: 17/19 MP: 2/2
   964 | D:2      | Found a shadowy altar of Dithmenos.
  1021 | D:2      | Reached XP level 3. HP: 17/25 MP: 3/3
  1219 | D:2      | Became a worshipper of Dithmenos the Shadowed
  1722 | D:3      | Noticed Terence
  1729 | D:3      | Killed Terence
  1788 | D:3      | Reached XP level 4. HP: 29/30 MP: 4/4
  1837 | D:3      | Reached skill level 6 in Stealth
  2122 | D:3      | Noticed Sigmund
  2124 | D:3      | Killed Sigmund
  2124 | D:3      | Reached skill level 1 in Invocations
  2124 | D:3      | Reached XP level 5. HP: 36/36 MP: 4/6
  2124 | D:3      | Reached XP level 6. HP: 42/42 MP: 4/7
  2247 | D:3      | Noticed Robin
  2589 | D:3      | Reached * piety under Dithmenos
  3729 | D:3      | Reached skill level 7 in Stealth
  4246 | D:3      | Killed Robin
  4272 | D:4      | Reached XP level 7. HP: 37/46 MP: 8/8
  4278 | D:4      | Reached skill level 5 in Short Blades
  4558 | D:4      | Reached ** piety under Dithmenos
  4749 | D:4      | Found a staircase to the Ecumenical Temple.
  5443 | D:3      | Found an iron altar of Okawaru.
  5489 | D:5      | Entered Level 5 of the Dungeon
  5958 | D:5      | Reached XP level 8. HP: 21/54 MP: 10/10
  6229 | D:5      | Reached skill level 8 in Stealth
  6277 | D:4      | Slain by a sky beast

Vault maps used:
D:1:      elethiomel_arrival_shortcut
D:2:      grunt_dithmenos_smoke_and_mirrors
D:3:      lemuel_upstairs_altar, uniq_terence, uniq_robin, uniq_sigmund
D:4:      minmay_temple_entry_glass
D:5:      first_ration, uniq_duvessa

Skill      XL: |  1  2  3  4  5  6  7  8 |
---------------+-------------------------+-----
Short Blades   | 3 4 6 |  6.2
Stealth        | 6 7 8 |  8.0
Fighting       | 3 4 |  4.5
Invocations    | 1 2 3 |  3.0
Throwing       | |  2.0
Dodging        | |  1.0

Action                   |  1- 3 |  4- 6 |  7- 9 || total
-------------------------+-------+-------+-------++-------
Melee: Dagger            |    40 |   102 |    97 ||   239
       Constrict         |     9 |    28 |    21 ||    58
       Tentacles         |     6 |    16 |    24 ||    46
 Fire: Blowgun           |       |       |     7 ||     7
Throw: Stone             |       |     2 |     4 ||     6
  Use: Scroll            |       |     1 |     4 ||     5
       Potion            |       |       |     3 ||     3
 Stab: Sleeping          |    11 |    12 |     8 ||    31
  Eat: Chunk             |     3 |     6 |     3 ||    12
       Ration            |       |       |     1 ||     1
Armor: Skin              |     2 |     4 |     2 ||     8
Dodge: Dodged            |    23 |    50 |    49 ||   122

Table legend:
 A = Spawn XP
 B = Non-spawn XP
 C = Spawn XP percentage of total XP
 D = Spawn monster count
 E = Non-spawn monster count
 F = Spawn count percentage of total count
 G = Total turns spent on level
                    A         B        C        D         E        F      G
               +---------+---------+-------+---------+---------+-------+---------
         Total |       0 |    1285 |   0.0 |       0 |     101 |   0.0 |  6277
               +---------+---------+-------+---------+---------+-------+---------
           D:1 |       0 |      13 |   0.0 |       0 |       9 |   0.0 |   619
           D:2 |       0 |      30 |   0.0 |       0 |      12 |   0.0 |  1464
           D:3 |       0 |     564 |   0.0 |       0 |      44 |   0.0 |  2376
           D:4 |       0 |     518 |   0.0 |       0 |      29 |   0.0 |  1256
           D:5 |       0 |     160 |   0.0 |       0 |       7 |   0.0 |   562
               +---------+---------+-------+---------+---------+-------+---------
